 Dungeon Crawl Stone Soup version 0.23-a0-480-g1869896 (webtiles) character file.

191 nikopol the Firebug (level 5, -1/28 HPs)
             Began as a Deep Elf Fire Elementalist on Nov 28, 2018.
             Succumbed to a worker ant's poison
             ... on level 4 of the Dungeon.
             The game lasted 00:07:10 (2731 turns).

nikopol the Firebug (Deep Elf Fire Elementalist)    Turns: 2731, Time: 00:07:10

Health: -1/28      AC:  3    Str:  5    XL:     5   Next: 41%
Magic:  6/13       EV: 18    Int: 21    God:
Gold:   114        SH:  0    Dex: 20    Spells: 3/13 levels left

rFire    . . .     SeeInvis .   g - +1 dagger
rCold    . . .     Gourm    .   (no shield)
rNeg     + . .     Faith    .   a - +1 robe
rPois    .         Spirit   .   (no helmet)
rElec    .         Reflect  .   (no cloak)
rCorr    .         Harm     .   (no gloves)
MR       .....                  (no boots)
Stlth    ++++......             (no amulet)
HPRegen  0.09/turn              j - ring of positive energy
MPRegen  0.13/turn              (no ring)

@: agile, lethally poisoned (-1 -> -31)
A: no striking features
a: no special abilities


You were on level 4 of the Dungeon.
You were not hungry.

You visited 1 branch of the dungeon, and saw 4 of its levels.

You collected 114 gold pieces.

Inventory:

Hand Weapons
 g - a +1 dagger (weapon)
Armour
 a - a +1 robe (worn)
Jewellery
 j - a ring of positive energy (left hand)
Wands
 i - a wand of iceblast (6)
Scrolls
 d - a scroll of random uselessness
 k - 2 scrolls of identify
 l - a scroll of enchant armour
 m - 3 scrolls of remove curse
Potions
 b - a potion of might
 o - a potion of brilliance {unknown}
 p - a potion of curing {unknown}
Comestibles
 c - 8 rations


   Skills:
 + Level 0.2 Fighting
 + Level 2.6 Dodging
 + Level 2.6 Stealth
 + Level 4.5 Spellcasting
 + Level 2.5 Conjurations
 + Level 5.3 Fire Magic


You had 3 spell levels left.
You knew the following spells:

 Your Spells              Type           Power        Failure   Level  Hunger
a - Flame Tongue          Conj/Fire      ###..        2%          1    None
b - Throw Flame           Conj/Fire      ###...       3%          2    #......
c - Conjure Flame         Conj/Fire      ###.....     7%          3    ##.....
d - Sticky Flame          Conj/Fire      ###.....     22%         4    ####...

Your spell library contained the following spells:

 Spells                   Type           Power        Failure   Level  Hunger
 Inner Flame              Hex/Fire       ###.....     12%         3    ##.....
 Fireball                 Conj/Fire      ###.......   54%         5    ######.


Dungeon Overview and Level Annotations

Branches:
Dungeon (4/15)
 Temple: D:4-7

Altars:
Sif Muna
Yredelemnul


Message History

The worker ant is heavily wounded.
You feel sick. The worker ant bites you!
You are more poisoned.
The worker ant poisons you!
The worker ant bites you but does no damage.
Casting: Flame Tongue (safe; 2% risk of failure)
Confirm with . or Enter, or press ? or * to list all spells.
Aiming: Flame Tongue (safe; 2% risk of failure)
Press: ? - help, Shift-Dir - straight line, f/p - worker ant
Aim: a worker ant (heavily wounded)
The flame tongue hits the worker ant.
The worker ant is severely wounded.
* * * LOW HITPOINT WARNING * * *
You feel very sick.
The worker ant waves its antennae.
The worker ant bites you.
* * * LOW HITPOINT WARNING * * *
It was a potion of agility.
You feel agile all of a sudden.
You die...

################
#....a@.$......#
#.#####.######.##
#.........#
#..#####..###
#.## #....### #.#
#.#....# ..#
#....#.### ...#
##.....##. ###.#
#.###.#.#


You could see a worker ant.

Vanquished Creatures
  An orc priest (D:3)
  5 adders
  2 oozes
  4 worms
  A dart slug (D:1)
  2 leopard geckos
  7 orcs
  4 giant cockroaches
  10 hobgoblins
  14 jackals
  8 kobolds
  6 bats
  5 frilled lizards
  5 goblins
  10 rats
84 creatures vanquished.

Notes
Turn   | Place    | Note
-------+----------+-------------------------------------------
     0 | D:1      | nikopol the Deep Elf Fire Elementalist began the quest for
                  | the Orb.
     0 | D:1      | Reached XP level 1. HP: 10/10 MP: 6/6
   136 | D:1      | Reached XP level 2. HP: 15/15 MP: 5/8
   233 | D:1      | Reached skill level 4 in Fire Magic
   414 | D:1      | Reached XP level 3. HP: 19/19 MP: 6/10
   418 | D:1      | Learned a level 2 spell: Throw Flame
   422 | D:1      | Learned a level 3 spell: Conjure Flame
  1195 | D:2      | Found a basalt altar of Yredelemnul.
  1215 | D:2      | Reached XP level 4. HP: 24/24 MP: 4/11
  1221 | D:2      | Learned a level 4 spell: Sticky Flame
  1862 | D:2      | Found a deep blue altar of Sif Muna.
  2225 | D:3      | Reached XP level 5. HP: 28/28 MP: 10/13
  2373 | D:3      | Reached skill level 5 in Fire Magic
  2730 | D:4      | HP: 1/28 [worker ant (5)]
  2731 | D:4      | Succumbed to a worker ant's poison

Vault maps used:
D:1:      nzn_arrival_settlement, glass_columns_b
D:2:      lemuel_crystal_altar, marbit_many_paths
D:3:      first_ration
D:4:      gup_ossuary_entry_pyramid, serial_shops, nicolae_shop_behind_doors

Skill      XL: |  1  2  3  4  5 |
---------------+----------------+-----
Fire Magic     | 4 5 |  5.3
Conjurations   | 2 |  2.5
Spellcasting   | 4 |  4.5
Fighting       | |  0.2
Dodging        | |  2.6
Stealth        | |  2.6

Action                   |  1- 3 |  4- 6 || total
-------------------------+-------+-------++-------
Melee: Dagger            |       |     2 ||     2
 Cast: Flame Tongue      |    66 |    91 ||   157
       Conjure Flame     |       |     1 ||     1
  Use: Scroll            |       |     7 ||     7
       Potion            |       |     1 ||     1
  Eat: Chunk             |     1 |     4 ||     5
Armor: Robe              |     5 |     1 ||     6
Dodge: Dodged            |    29 |    17 ||    46

Table legend:
 A = Non-vault XP
 B = Vault XP
 C = Vault XP percentage of total XP
 D = Non-vault monster count
 E = Vault monster count
 F = Vault count percentage of total count
                 A         B        C        D         E       F
            +---------+---------+-------+---------+---------+-------
      Total |     272 |       1 |   0.4 |      83 |       1 |   1.2
            +---------+---------+-------+---------+---------+-------
        D:1 |      66 |       0 |   0.0 |      35 |       0 |   0.0
        D:2 |     108 |       1 |   0.9 |      28 |       1 |   3.4
        D:3 |      92 |       0 |   0.0 |      18 |       0 |   0.0
        D:4 |       6 |       0 |   0.0 |       2 |       0 |   0.0
            +---------+---------+-------+---------+---------+-------
